 Dungeon Sprint DCSS version 0.29.0-11-gd7f09526c8 (webtiles) character file.

Game seed: 13781363780849139817

293 Zeld the Cleaver (level 6, -3/61 HPs)
             Began as a Minotaur Berserker on Sept 6, 2022.
             Was a Believer of Trog.
             Succumbed to Sonja's poison
             ... while paralysed by Sonja
             ... in the Dungeon (Sprint I: "Red Sonja").
             The game lasted 00:00:31 (797 turns).

Zeld the Cleaver (Minotaur Berserker)                Turns: 797, Time: 00:00:31

Health: -3/61      AC:  2    Str: 24    XL:     6   Next: 11%
Magic:  5/5        EV:  2    Int:  4    God:    Trog [**....]
Gold:   316        SH:  0    Dex:  9    Spells: 5/5 levels left

rFire   . . .      SeeInvis .   a - +0 hand axe
rCold   . . .      Faith    .   (no shield)
rNeg    . . .      Spirit   .   b - +0 animal skin
rPois   .          Reflect  .   (helmet restricted)
rElec   .          Harm     .   (no cloak)
rCorr   .          Rampage  .   (no gloves)
Will    .....      NoTele   +   (no boots)
Stlth   +.........              (no amulet)
HPRegen 0.20/turn               (no ring)
MPRegen 0.09/turn               (no ring)

@: paralysed, lethally poisoned (-3 -> -63), slowed
A: horns 2, retaliatory headbutt
a: Renounce Religion, Berserk, Trog's Hand


You were in the Dungeon.
You worshipped Trog.
Trog was pleased with you.
You visited 1 branch You collected 316 gold pieces.

Inventory:

Hand Weapons
 a - a +0 hand axe (weapon)
Armour
 b - a +0 animal skin (worn)
Wands
 i - a wand of iceblast (4)
Scrolls
 h - a scroll of blinking
 j - a scroll of magic mapping {unknown}
 k - a scroll of amnesia {unknown}
Potions
 c - a potion of curing
 d - a potion of heal wounds
 e - a potion of haste
 f - 2 potions of magic
 g - a potion of berserk rage


   Skills:
 + Level 7.8 Fighting
 * Level 10.3 Axes
 + Level 7.2 Armour
 + Level 6.6 Dodging


You had 5 spell levels left.
You didn't know any spells.
Your spell library was empty.

Dungeon Overview and Level Annotations

Branches:
Dungeon (1/1)

Altars:
Sif Muna
Vehumet
Wu Jian

Annotations:
D Sonja


Innate Abilities, Weirdness & Mutations

You have a pair of horns on your head.
You reflexively headbutt those who attack you in melee.


Message History

Aiming: Iceblast
Press: ? - help, Shift-Dir - straight line, f - Sonja
Aim: Sonja, wielding a +1 short sword of venom, quivering curare-tipped darts and carrying a wand of paralysis (10) (asleep)
The mass of ice explodes!
The iceblast engulfs Sonja!
Sonja is moderately wounded.
Sonja shouts!
Sonja throws a curare-tipped dart.
The curare-tipped dart hits you.
You are poisoned.
You have difficulty breathing.
You feel yourself slow down.
Aiming: Iceblast
Press: ? - help, Shift-Dir - straight line, f/p - Sonja
Aim: Sonja, wielding a +1 short sword of venom, quivering curare-tipped darts and carrying a wand of paralysis (10) (moderately wounded)
The mass of ice explodes!
The iceblast engulfs Sonja!
Sonja is severely wounded.
You feel extremely sick.
Sonja throws a curare-tipped dart.
The curare-tipped dart hits you.
You are more poisoned.
You have difficulty breathing.
You feel as though you will be slow longer.
Sonja mumbles some strange words.
Sonja blinks!
Okay, then.
You completely miss Sonja. Your headbutt misses Sonja.
Sonja is severely wounded.
You feel very sick.
Sonja hits you with a +1 short sword of venom.
You are more poisoned.
Sonja barely misses you.
Sonja hits you with a +1 short sword of venom.
You are lethally poisoned!
Sonja zaps a wand.
You suddenly lose the ability to move!
You feel extremely sick.
Sonja hits you with a +1 short sword of venom.
You are more poisoned.
Sonja hits you with a +1 short sword of venom.
* * * LOW HITPOINT WARNING * * *
Sonja hits you with a +1 short sword of venom.
* * * LOW HITPOINT WARNING * * *
You are more poisoned.
You die...

################
#<.#..)..#..'..#
#..)..#..').#..+
#..#####'#####'#
#..# #..#...#.#
#..# ####..##.#
#..# ##'#_.+
#⌠⌠# +..._# ####
#_@#'# ##K#.#
#.### $.$ $.$
##.## #+#


You could see Sonja.

Vanquished Creatures
  Sigmund (D)
  An ogre (D)
  A jelly (D)
  Ijyb (D)
4 creatures vanquished.

Notes
Turn   | Place    | Note
-------+----------+-------------------------------------------
     0 | D        | Zeld the Minotaur Berserker began the quest for the Orb.
     0 | D        | Reached XP level 1. HP: 19/19 MP: 0/0
     1 | D        | Noticed Ijyb
    10 | D        | Killed Ijyb
    11 | D        | Reached skill level 5 in Axes
    11 | D        | Reached XP level 2. HP: 18/28 MP: 1/1
   269 | D        | Noticed an ogre
   275 | D        | Killed an ogre
   276 | D        | Reached skill level 7 in Axes
   276 | D        | Reached skill level 5 in Armour
   276 | D        | Reached XP level 3. HP: 31/37 MP: 2/2
   276 | D        | Reached XP level 4. HP: 37/44 MP: 3/3
   594 | D        | Noticed Sigmund
   600 | D        | Killed Sigmund
   600 | D        | Reached ** piety under Trog
   601 | D        | Reached skill level 10 in Axes
   601 | D        | Reached XP level 5. HP: 52/52 MP: 4/4
   656 | D        | Found an ornate altar of the Wu Jian Council.
   656 | D        | Found a shimmering blue altar of Sif Muna.
   659 | D        | Found a radiant altar of Vehumet.
   661 | D        | Reached XP level 6. HP: 61/61 MP: 5/5
   792 | D        | Noticed Sonja
   795 | D        | Paralysed by Sonja for 5 turns
   797 | D        | Succumbed to Sonja's poison

Illustrated notes

Levels and vault maps discovered:
D:        dungeon_sprint_1 [red_sonja_temple_1, red_sonja_temple_small_1]

Skill      XL: |  1  2  3  4 |
---------------+-------------+-----
Fighting       | 4 6 7 |  7.8
Axes           | 5 7 10 | 10.3
Armour         | 3 5 7 |  7.2
Dodging        | 3 4 6 |  6.6

Action                   |  1- 3 |  4- 6 || total
-------------------------+-------+-------++-------
Melee: Hand axe          |    10 |     6 ||    16
       Headbutt          |     2 |     3 ||     5
Invok: Berserk           |     2 |     2 ||     4
Evoke: Wand              |       |     2 ||     2
Dodge: Dodged            |     2 |     2 ||     4
